 Dungeon Crawl Stone Soup version bcrawl-1.19.2-6-g6a88ae04c9 (webtiles) character file.

Game seed: 8146567129070926393

1971 Banto the Martial Artist (level 9, -4/64 HPs)
             Began as a Grey Draconian Transmuter on Dec 28, 2019.
             Slain by Duvessa
             ... wielding a +0 rapier
              (17 damage)
             ... on level 6 of the Dungeon.
             The game lasted 00:08:54 (8077 turns).

Banto the Martial Artist (DrTm)                     Turns: 8077, Time: 00:08:55

Health: -4/64      AC:  2    Str: 11    XL:     9   Next: 0%
Magic:  4/12       EV: 19    Int: 14    God:
Gold:   179        SH:  0    Dex: 17    Spells: 2/12 levels left

rFire    . . .     SeeInvis .     - Unarmed
rCold    . . .     Gourm    .   (shield currently unavailable)
rNeg     . . .     Faith    .   (armour unavailable)
rPois    x         Spirit   .   (helmet currently unavailable)
rElec    .         Reflect  .   (cloak currently unavailable)
rCorr    .         Harm     .   (gloves currently unavailable)
MR       .....                  (boots currently unavailable)
Stlth    +.........             (no amulet)
HPRegen  0.20/turn              y - ring of flight
MPRegen  0.13/turn              (no ring)

@: spider-form, very slightly contaminated, glowing
A: tiny, (walk through water), unfitting armour, clumsy 1, weak 1, AC +12
a: End Transformation, Evoke Flight


You were on level 6 of the Dungeon.
You were hungry.
You were a venomous arachnid creature.
You visited 2 branches of the dungeon, and saw 7 of its levels.
You also visited: Sewer.

You collected 429 gold pieces.
You spent 250 gold pieces at shops.

Inventory:

Hand Weapons
 g - a +1 whip of venom
Missiles
 a - 1255 arrows
Armour
 n - a +1 shield of protection
 t - a +2 hat (melded)
 D - a +1 buckler of protection (melded)
Jewellery
 m - an uncursed amulet of faith
 y - a ring of flight (left front leg)
Wands
 q - a wand of disintegration (9)
 v - a wand of paralysis (8)
Scrolls
 i - 2 scrolls of amnesia
 k - 5 scrolls of fear
 p - a scroll of identify
 r - a scroll of magic mapping
 s - 2 scrolls of teleportation
 w - 2 scrolls of enchant armour
Potions
 b - a potion of cancellation {unknown}
 e - a potion of agility
 f - a potion of heal wounds
 h - a potion of berserk rage
 j - 2 potions of curing
 l - 2 potions of degeneration
 o - 2 potions of flight
 u - 3 potions of brilliance
 x - 2 potions of haste
 z - a potion of magic {unknown}
Comestibles
 c - a chunk of flesh
 d - 15 rations {!d}


   Skills:
 - Level 1.1 Fighting
 - Level 1.7 Dodging
 + Level 8.4 Unarmed Combat
 - Level 2.0 Spellcasting
 + Level 8.1 Transmutations
 - Level 3.5 Ice Magic


You had 2 spell levels left.
You knew the following spells:

 Your Spells              Type           Power        Failure   Level  Hunger
a - Beastly Appendage     Tmut           ###...       4%          1    ##.....
b - Sticks to Snakes      Tmut           ###.....     6%          2    ###....
c - Spider Form           Tmut/Pois      ##.          32%         3    ####...
d - Ice Form              Ice/Tmut       ###.....     43%         4    #####..

Your spell library contained the following spells:

 Spells                   Type           Power        Failure   Level  Hunger
 Apportation              Tloc           #.....       45%         1    ##.....
 Infusion                 Chrm           #.......     45%         1    ##.....
 Sandblast                Erth           #.....       45%         1    ##.....
 Slow                     Hex            #.......     45%         1    ##.....
 Summon Butterflies       Summ           #.......     45%         1    ##.....
 Blade Hands              Tmut           ###.......   45%         5    ######.


Dungeon Overview and Level Annotations

Branches:
Dungeon (6/12)             Temple (1/1) D:5

Altars:
Ashenzari
Elyvilon
Gozag
Hepliaklqana
Kikubaaqudgha
Lugonu
Makhleb
Nemelex Xobeh
Okawaru
Ru
Uskayaw
Vehumet
Wu Jian
Xom
Zin
The Shining One

Shops:
D:4 [   D:5 ?

Annotations:
D:6 Duvessa


Innate Abilities, Weirdness & Mutations

((You can walk through water.))
((Your dull iron-grey scales are very hard. (AC +12)))
You cannot fit into any form of body armour.
((You can survive without breathing.))
((You are cold-blooded and may be slowed by cold attacks.))
You are clumsy. (Dex -2)
((You are resistant to electric shocks. (rElec)))
You are weak. (Str -2)


Message History

The orc wizard hits you but does no damage.
Casting: Spider Form (safe; 22% risk of failure)
Confirm with . or Enter, or press ? or * to list all spells.
You miscast Spider Form.
You are very lightly contaminated with residual magic.
Your hands glow momentarily.
The orc wizard hits you but does no damage.
Casting: Spider Form (safe; 22% risk of failure)
Confirm with . or Enter, or press ? or * to list all spells.
You turn into a venomous arachnid creature.
Your +2 hat melds into your body.
Your +1 buckler of protection melds into your body.
You feel less protected.
You are feeling hungry.
The orc wizard mumbles some strange words.
The orc wizard blinks!
Duvessa hits you with a +0 rapier!!
* * * LOW HITPOINT WARNING * * *
You hit Duvessa but do no damage.
Duvessa is poisoned.
Duvessa hits you with a +0 rapier!
You die...

#....## ##.## #.# ####.# #.# #.#
#.# #.# #.# #.# ##+## ##.# #.#
##...## #..# ###.# ##.....## #[##
##.#.# ##.......## ##.##
#....###.........####...########.
.......+........se....o.§..)...o.
#....###.....o..§#o......########
##.#.# ##.......##.###.#.# ###.#
##.....###.###.#.# #.# ##...##
#.##..#.# #.# ##+## #.##.##.# #.#
#.# #.##.##.# #.# #.# #.##.##.#
#.#### ##.## #.......#


You could see Duvessa (berserk), an orc wizard and 2 orcs.

Vanquished Creatures
  The ghost of yrara the Cudgeler, a novice GrFi (D:5)
  A sky beast (D:4)
  An ogre (D:3)
  A phantom (D:3)
  An ice beast (D:5)
  A centaur (D:5)
  A big kobold (Sewer)
  A scorpion (D:5)
  Dowan (D:6)
  4 killer bees (D:4)
  A bullfrog zombie (D:5)
  A crimson imp (D:5)
  5 orc priests
  2 bullfrog skeletons
  2 iguanas
  5 orc wizards
  2 worker ants
  2 hound skeletons
  14 adders
  3 river rats
  An ooze (D:3)
  An adder zombie (D:5)
  11 worms
  3 dart slugs
  4 leopard geckos
  27 orcs
  A giant cockroach (D:2)
  4 goblins
  9 hobgoblins
  11 jackals
  2 quokkas
  A ball python (D:1)
  7 bats
  4 frilled lizards
  A jackal zombie (D:3)
  10 kobolds
  A quokka skeleton (D:4)
  6 rats
154 creatures vanquished.

Vanquished Creatures (collateral kills)
  A jackal (D:3)
1 creature vanquished.

Grand Total: 155 creatures vanquished

Notes
Turn   | Place    | Note
-------+----------+-------------------------------------------
     0 | D:1      | Banto the Draconian Transmuter began the quest for the Orb.
     0 | D:1      | Reached XP level 1. HP: 16/16 MP: 3/3
   202 | D:1      | Reached XP level 2. HP: 13/23 MP: 5/5
   955 | D:2      | Reached XP level 3. HP: 24/28 MP: 6/6
  1146 | D:2      | Reached XP level 4. HP: 35/35 MP: 7/7
  2160 | D:3      | Reached XP level 5. HP: 30/40 MP: 8/8
  2190 | D:3      | Noticed an ogre
  2202 | D:3      | Killed an ogre
  2202 | D:3      | Reached skill level 5 in Unarmed Combat
  2235 | D:3      | Found a corrupted altar of Lugonu.
  2311 | D:3      | Reached XP level 6. HP: 17/47 MP: 9/9
  2314 | D:3      | Found a glowing drain.
  2432 | Sewer    | Entered a sewer
  2720 | Sewer    | Learned a level 2 spell: Sticks to Snakes
  2724 | Sewer    | Learned a level 3 spell: Spider Form
  2792 | Sewer    | Reached skill level 5 in Transmutations
  2818 | Sewer    | Found a glowing silver altar of Zin.
  3026 | D:3      | Found a white marble altar of Elyvilon.
  3874 | D:3      | Your scales start taking on a dull iron-grey colour.
  3874 | D:3      | Reached XP level 7. HP: 11/52 MP: 8/10
  3874 | D:3      | Gained mutation: You can survive without breathing. [Grey
                  | Draconian growth]
  4622 | D:4      | Learned a level 4 spell: Ice Form
  5080 | D:4      | Found Baec's Antique Armour Emporium.
  5113 | D:4      | Bought a glowing hat for 133 gold pieces
  5811 | D:5      | Entered Level 5 of the Dungeon
  5860 | D:5      | Reached XP level 8. HP: 51/59 MP: 9/11
  6206 | D:5      | Found a staircase to the Ecumenical Temple.
  6338 | Temple   | Entered the Ecumenical Temple
  6444 | D:5      | Reached skill level 1 in Ice Magic
  6447 | D:5      | HP: 2/59 [orc priest/nerve-wracking pain (6)]
  6766 | D:5      | Found a runed translucent door.
  6771 | D:5      | Noticed yrara's ghost (novice GrFi)
  6875 | D:5      | Found an opulent altar of Gozag.
  7096 | D:5      | Found an ornate altar of the Wu Jian Council.
  7397 | D:5      | Found Ajaof's Magic Scroll Emporium.
  7400 | D:5      | Bought a scroll of identify for 26 gold pieces
  7400 | D:5      | Bought a scroll of identify for 26 gold pieces
  7400 | D:5      | Bought a scroll of identify for 26 gold pieces
  7400 | D:5      | Bought a scroll of remove curse for 39 gold pieces
  7400 | D:5      | Identified 2 scrolls of acquirement
  7406 | D:5      | Gained mutation: You are weak. (Str -2) [potion of
                  | mutation]
  7406 | D:5      | Gained mutation: You are clumsy. (Dex -2) [potion of
                  | mutation]
  7406 | D:5      | Gained mutation: You are resistant to electric shocks.
                  | (rElec) [potion of mutation]
  7755 | D:5      | Killed yrara's ghost
  8052 | D:6      | Noticed Dowan
  8057 | D:6      | Noticed Duvessa
  8064 | D:6      | Killed Dowan
  8064 | D:6      | Reached XP level 9. HP: 43/64 MP: 9/12
  8077 | D:6      | Slain by Duvessa

Skill      XL: |  1  2  3  4  5  6  7  8 |
---------------+-------------------------+-----
Unarmed Combat | 4 5 6 7 8 |  8.4
Transmutations | 3 4 5 6 8 |  8.1
Ice Magic      | 3 |  3.5
Fighting       | |  1.1
Dodging        | |  1.7
Spellcasting   | |  2.0

Action                   |  1- 3 |  4- 6 |  7- 9 || total
-------------------------+-------+-------+-------++-------
Melee: Whip              |    85 |   220 |       ||   305
       Unarmed           |     6 |    46 |   278 ||   330
       Tailslap          |     9 |    29 |    35 ||    73
       Punch             |     3 |     3 |     6 ||    12
       Kick              |       |     4 |       ||     4
 Cast: Spider Form       |       |     2 |     7 ||     9
       Sticks to Snakes  |       |     2 |       ||     2
       Beastly Appendage |       |     2 |       ||     2
       Ice Form          |       |       |     1 ||     1
Evoke: Wand              |       |     2 |     1 ||     3
  Use: Scroll            |     5 |     3 |    10 ||    18
       Potion            |       |     2 |     3 ||     5
 Stab: Sleeping          |     2 |     1 |       ||     3
  Eat: Chunk             |     1 |     9 |    15 ||    25
Armor: Skin              |    33 |    69 |   156 ||   258
Dodge: Dodged            |    67 |   154 |   134 ||   355
Block: Buckler           |       |       |    13 ||    13
